 Dungeon Crawl Stone Soup version 0.29.0-5-ge4962eb29e (webtiles) character file.

Game seed: 18038924073568870631

329 iguanaiguana the Grave Robber (level 6, -4/67 HPs)
             Began as a Demigod Necromancer on Aug 30, 2022.
             Killed by divine providence
             ... invoked by an orc priest
              (14 damage)
             ... on level 5 of the Dungeon.
             The game lasted 00:18:23 (1639 turns).

iguanaiguana the Grave Robber (Demigod Necromancer) Turns: 1639, Time: 00:18:24

Health: -4/67      AC: 23    Str:  6 (9)  XL:     6   Next: 4%
Magic:  11/13      EV:  2    Int: 23 (25) God:
Gold:   173        SH:  0    Dex: 11 (14) Spells: 3/11 levels left

rFire   . . .      SeeInvis .   n - +1 whip (pain)
rCold   . . .      Faith    .   (no shield)
rNeg    . . .      Spirit   .   (body armour currently unavailable)
rPois   +          Reflect  .   (helmet currently unavailable)
rElec   .          Harm     .   (cloak currently unavailable)
rCorr   .          Rampage  .   (gloves currently unavailable)
Will    .....      NoTele   +   (boots currently unavailable)
Stlth   +.........              (no amulet)
HPRegen 0.21/turn               (no ring)
MPRegen 0.13/turn               (no ring)

@: confused, mighty, lethally poisoned (-4 -> -5), tree-form, ambrosia-drunk,
animating dead, hasted, very quick
A: stationary, stasis, torment immunity, boosted hp, high MP 1, forlorn, divine
attributes
a: no special abilities


You were on level 5 of the Dungeon.
You were a tree.
You visited 1 branch of the dungeon, and saw 6 of its levels.

You collected 173 gold pieces.

Inventory:

Hand Weapons
 g - a +1 dagger of freezing
 n - a +1 whip of pain (weapon)
Missiles
 x - a throwing net
 y - 6 poisoned darts
Armour
 a - a +0 robe (melded)
 u - a +2 pair of gloves (melded)
Jewellery
 o - a ring of fire
Wands
 e - a wand of charming (13)
Scrolls
 d - 3 scrolls of vulnerability
 h - a scroll of immolation {unknown}
 i - a scroll of fear
 k - 2 scrolls of enchant weapon {unknown}
 m - a scroll of poison {unknown}
 q - a scroll of brand weapon {unknown}
 s - a scroll of fog {unknown}
 t - a scroll of amnesia {unknown}
 w - a scroll of blinking {unknown}
Potions
 b - 2 potions of magic
 c - a potion of mutation {unknown}
 f - a potion of flight
 j - a potion of lignification
 z - a potion of heal wounds {unknown}


   Skills:
 - Level 1.7 Dodging
 - Level 1.7 Stealth
 - Level 3.0 Spellcasting
 + Level 6.3 Necromancy


You had 3 spell levels left.
You knew the following spells:

 Your Spells              Type           Power      Damage    Failure   Level
a - Necrotise             Necr           100%       1d9       1%          1
b - Vampiric Draining     Necr           32%        2d8       2%          3
c - Animate Dead          Necr           32%        N/A       9%          4

Your spell library contained the following spells:

 Spells                   Type           Power      Damage    Failure   Level
 Sublimation of Blood     Necr           32%        N/A       1%          2
 Beastly Appendage        Tmut           6%         N/A       12%         1
 Magic Dart               Conj           12%        1d3       12%         1
 Sandblast                Erth           6%         2d5       12%         1
 Call Imp                 Summ           3%         N/A       17%         2
 Passwall                 Tmut/Erth      2%         N/A       17%         2
 Wereblood                Tmut           3%         N/A       17%         2
 Mephitic Cloud           Conj/Pois/Air  3%         N/A       34%         3
 Portal Projectile        Hex/Tloc       6%         N/A       34%         3
 Spider Form              Tmut/Pois      3%         N/A       34%         3
 Stone Arrow              Conj/Erth      6%         3d7       34%         3
 Tukima's Dance           Hex            3%         N/A       34%         3
 Agony                    Necr           32%        N/A       24%         5
 Blade Hands              Tmut           1%         N/A       97%         5
 Summon Hydra             Summ           1%         N/A       100%        7


Dungeon Overview and Level Annotations

Branches:
Dungeon (6/15) Zot: 26904
 Temple: D:4-7

Shops:
D:1 [=?

Annotations:
D:3 exclusion: ice beast
D:4 Sigmund


Innate Abilities, Weirdness & Mutations

You are a tree.
Your roots penetrate the ground, keeping you stationary.
You cannot be teleported.
You are immune to unholy pain and torment.
Your maximum health is greatly increased.
Your equipment is partially melded.
You have an increased reservoir of magic. (+10% MP)
You shall have no god before yourself.
Your divine heritage dramatically boosts your attributes as you level up.


Message History

The scorpion poisons you!
You swap places.
You see here a +0 falchion.
It was a potion of lignification.
You turn into a tree.
Your +2 pair of gloves melds into your body.
Your +0 robe melds into your body.
Your roots penetrate the ground.
The scorpion stings your orc zombie.
Your orc zombie completely misses the scorpion.
What are your orders? t - Creak!
Orders for allies: a - Attack new target. r - Retreat! s - Stop attacking. g - Guard the area. f - Follow me.
Anything else - Cancel.
Gang up on whom?
Press: ? - help, Dir - move target, f - scorpion
Aim: a scorpion (ally target)
Okay, then.
It was a potion of degeneration.
There was something very wrong with that liquid.
You feel weakened.
You feel dopey.
You feel clumsy. The scorpion stings your orc zombie.
Your orc zombie barely misses the scorpion.
The orc priest calls down the wrath of Beogh upon you.
Beogh smites you!
* * * LOW HITPOINT WARNING * * *
It was a potion of might.
You feel very mighty all of a sudden.
Your orc zombie hits the orc priest.
You feel yourself speed up. The scorpion stings your orc zombie.
Your orc zombie barely misses the scorpion.
The scorpion stings your orc zombie.
Your orc zombie is destroyed!
It was a potion of ambrosia.
You are confused.
You feel invigorated.
Okay, then.
The orc priest calls down the wrath of Beogh upon you.
Beogh smites you!
You die... ........ ......$ .....# #.... .Z.. .# oo#

. #)# . #s# .#
#♣###.# #
######.....# .
#........#######.#
...#####.###....#.#
.................#
...............##
########.##....# .
#..#....#
..#########.#....#
###


You could see a scorpion, an orc priest (ally target), an orc and a friendly orc
zombie.

Vanquished Creatures
  A kobold brigand (D:5)
  A scorpion (D:5)
  An iguana (D:5)
  An orc wizard (D:5)
  3 gnolls (D:3)
  4 adders
  A shadow imp (D:5)
  2 worms
  8 orcs
  4 endoplasms
  3 giant cockroaches (D:1)
  3 goblins
  5 hobgoblins
  2 jackals (D:2)
  10 kobolds
  2 quokkas (D:4)
  3 ball pythons
  6 bats
  4 frilled lizards
  5 rats
69 creatures vanquished.

Vanquished Creatures (collateral kills)
  A worm (D:3)
  An orc (D:4)
  A giant cockroach (D:2)
  2 kobolds
5 creatures vanquished.

Vanquished Creatures (others)
  An orc zombie (D:5)
  A plant (D:4)
2 creatures vanquished.

Grand Total: 76 creatures vanquished

Notes
Turn   | Place    | Note
-------+----------+-------------------------------------------
     0 | D:1      | iguanaiguana the Demigod Necromancer began the quest for
                  | the Orb.
     0 | D:1      | Reached XP level 1. HP: 14/14 MP: 5/5
    26 | D:1      | Found Tiyc's Jewellery Shoppe.
   161 | D:1      | Found Lixaylen's Magic Scroll Boutique.
   217 | D:1      | Reached skill level 4 in Necromancy
   258 | D:1      | Reached XP level 2. HP: 17/20 MP: 4/7
   292 | D:1      | Found Ilukk's Antique Armour Shoppe.
   495 | D:2      | Reached XP level 3. HP: 19/26 MP: 4/8
   500 | D:2      | Learned a level 3 spell: Vampiric Draining
   750 | D:3      | Reached skill level 5 in Necromancy
   826 | D:4      | Reached XP level 4. HP: 20/33 MP: 5/9
  1038 | D:3      | Noticed an ice beast
  1162 | D:4      | Noticed Sigmund
  1260 | D:5      | Entered Level 5 of the Dungeon
  1263 | D:5      | Noticed a kobold brigand
  1297 | D:5      | Killed a kobold brigand
  1298 | D:5      | Reached XP level 5. HP: 33/38 MP: 2/12
  1303 | D:5      | Learned a level 4 spell: Animate Dead
  1422 | D:5      | Reached skill level 6 in Necromancy
  1593 | D:6      | Noticed a two-headed ogre
  1628 | D:5      | Reached XP level 6. HP: 37/45 MP: 8/13
  1639 | D:5      | Killed from afar by an orc priest

Illustrated notes

Levels and vault maps discovered:
D:1:      dpeg_arrival_another_circle, layout_basic, serial_shops, shop,
          nicolae_shop_advertising_works [nicolae_subvault_shop_adworks], shop,
          ebering_ecumenical_altar_hall
D:2:      layout_loops_ring, basic_altar, serial_bayou_pond_e,
          minmay_misc_feat_pillars, uniq_jessica
D:3:      layout_basic, guppyfry_early_orc_mine
D:4:      cheibrodos_thug_alley, layout_basic, nicolae_overflow_hidden_temple,
          serial_bayou_pond_b, uniq_sigmund, uniq_ijyb
D:5:      layout_rooms, mainiacjoe_overflow_concentric_impassable,
          worldfamousw_hep_ancestral_shrine, serial_glass, glass_columns_a,
          glass_columns_b, dk_noncrumbling_2, chequers_serial_rivers_small_3
D:6:      kennysheep_slugbush, layout_loops_ring, fedhas_ov_isle_minmay,
          mainiacjoe_overflow_small_starburst, temple_doors_e

Skill      XL: |  1  2  3  4  5 |
---------------+----------------+-----
Necromancy     | 4 5 6 |  6.3
Spellcasting   | 2 3 |  3.0
Dodging        | |  1.7
Stealth        | |  1.7

Action                   |  1- 3 |  4- 6 || total
-------------------------+-------+-------++-------
Melee: Dagger            |    15 |       ||    15
       Whip              |    21 |    34 ||    55
 Cast: Necrotise         |    48 |    45 ||    93
       Vampiric Draining |       |     2 ||     2
       Animate Dead      |       |     1 ||     1
  Use: Scroll            |     6 |     1 ||     7
       Potion            |       |     5 ||     5
 Stab: Sleeping          |     2 |       ||     2
       Distracted        |       |     1 ||     1
Armor: Robe              |    13 |    13 ||    26
Dodge: Dodged            |    26 |    26 ||    52
